 Dungeon Crawl Stone Soup version 0.20.1-1-g8b1a95d (webtiles) character file.

10252 dohliylev the Unseen (level 11, 0/78 HPs)
             Began as a Vampire Enchanter on Dec 17, 2017.
             Was a Priest of Makhleb.
             Slain by a blink frog (17 damage)
             ... on level 2 of the Lair of Beasts.
             The game lasted 00:56:42 (14127 turns).

dohliylev the Unseen (Vampire Enchanter)           Turns: 14127, Time: 00:56:43

Health: 0/78       AC:  0    Str:  7    XL:     11   Next: 33%
Magic:  9/18       EV: 31    Int: 21    God:    Makhleb [***...]
Gold:   707        SH:  0    Dex: 20    Spells: 14/20 levels left

rFire    . . .     SeeInvis +   (weapon currently unavailable)
rCold    . . .     Gourm    .   (shield currently unavailable)
rNeg     + . .     Faith    .   (armour currently unavailable)
rPois    .         Spirit   .   (helmet currently unavailable)
rElec    .         Reflect  .   (cloak currently unavailable)
rCorr    .         Harm     .   (gloves currently unavailable)
MR       +....                  (boots currently unavailable)
Stlth    ++++++++..             (no amulet)
Regen    0.3/turn               (ring currently unavailable)
MPRegen  0.2/turn               (ring currently unavailable)

@: bat-form, flying, very quick
A: fangs 3, see invisible
a: End Transformation, Minor Destruction, Lesser Servant of Makhleb, Renounce
Religion


You were on level 2 of the Lair of Beasts.
You worshipped Makhleb.
Makhleb was most pleased with you.
You were not thirsty.
You were in vampire-bat-form.
You visited 3 branches of the dungeon, and saw 13 of its levels.
You also visited: Sewer.

You collected 707 gold pieces.

Inventory:

Hand Weapons
 a - a +3 vampiric dagger (melded)
Armour
 v - a +0 pair of boots (melded)
 y - the -2 hat of the Alchemist (melded) {rElec rPois rF+ rC+ rN+ MR+ rMut rCorr}
   (You found it on level 1 of the Lair of Beasts)

   It protects you from fire.
   It protects you from cold.
   It insulates you from electricity.
   It protects you from poison.
   It protects you from negative energy.
   It affects your resistance to hostile enchantments.
   It protects you from acid and corrosion.
   It protects you from mutation.
 A - the +1 robe "Mizal" (melded) {Dex+2}
   (You found it on level 8 of the Dungeon)

   It affects your dexterity (+2).
 C - a +0 pair of gloves (melded)
Jewellery
 h - a ring of protection from magic (melded)
 F - a ring of protection from fire (melded)
Wands
 j - a wand of acid (9/15)
 l - a wand of iceblast (4/15)
 s - a wand of flame (41/48)
 z - a wand of confusion (23/48)
Scrolls
 b - 5 scrolls of amnesia
 f - 4 scrolls of fog
 m - 5 scrolls of remove curse
 p - 2 scrolls of blinking
 q - 7 scrolls of teleportation
 w - a scroll of recharging
 x - 2 scrolls of enchant armour
 B - 3 scrolls of magic mapping
 H - a scroll of fear {unknown}
Potions
 d - 10 potions of blood
 e - 2 potions of magic {unknown}
 g - 4 potions of curing
 i - 3 potions of heal wounds
 k - 2 potions of might {unknown}
 n - a potion of haste {unknown}
 o - a potion of degeneration {unknown}
 r - 2 potions of flight
 t - 3 potions of invisibility {unknown}
 u - a potion of mutation {unknown}
 E - a potion of cancellation {unknown}
Books
 c - a book of Maledictions

   Spells                             Type                      Level
   a - Corona                         Hexes                        1
   b - Ensorcelled Hibernation        Hexes/Ice                    2
   c - Confuse                        Hexes                        3
   d - Tukima's Dance                 Hexes                        3
   e - Dazzling Spray                 Conjuration/Hexes            3
 D - a book of Callings

   Spells                             Type                      Level
   a - Summon Small Mammal            Summoning                    1
   b - Call Imp                       Summoning                    2
   c - Call Canine Familiar           Summoning                    3
   d - Summon Guardian Golem          Hexes/Summoning              3
   e - Summon Lightning Spire         Summoning/Air                4
   f - Summon Ice Beast               Ice/Summoning                4
Miscellaneous
 G - a crystal ball of energy


   Skills:
 + Level 4.5 Fighting
 - Level 8.2 Short Blades
 - Level 10.2 Dodging
 - Level 15.0 Stealth
 - Level 5.2 Spellcasting
 - Level 8.6 Hexes
 - Level 1.0 Ice Magic
 + Level 1.5 Invocations


You had 14 spell levels left.
You knew the following spells:

 Your Spells              Type           Power        Failure   Level  Hunger
a - Corona                Hex            #####..      1%          1    None
b - Ensorcelled Hibernat  Hex/Ice        ####..       2%          2    None
c - Confuse               Hex            #####...     1%          3    ##.....


Dungeon Overview and Level Annotations

Branches:
Dungeon (10/15)            Temple (1/1) D:6            Lair (2/6) D:10
  Swamp: Lair:2-4    Shoals: Lair:2-4     Snake: Lair:2-4    Spider: Lair:2-4
    Orc: D:9-12

Altars:
Ashenzari
Cheibriados
Dithmenos
Elyvilon
Fedhas
Gozag
Hepliaklqana
Kikubaaqudgha
Makhleb
Nemelex Xobeh
Okawaru
Qazlal
Ru
Sif Muna
Trog
Uskayaw
Vehumet
Xom
Yredelemnul
Zin
The Shining One

Shops:
D:5 %


Innate Abilities, Weirdness & Mutations

You have razor-sharp teeth.
You have supernaturally acute eyesight. (SInv)
((You can survive without breathing.))


Message History

The blink frog blinks!
The blink frog barely misses you. The blink frog closely misses you.
The blink frog barely misses you. The blink frog closely misses you. x2
The blink frog completely misses you. The blink frog barely misses you.
The blink frog hits you!
The blink frog blinks! x2; The blink frog hits you.
The blink frog blinks!
The blink frog hits you!
* * * LOW HITPOINT WARNING * * *
The blink frog blinks! x2; The blink frog misses you.
You turn into a vampire bat.
Your +3 vampiric dagger melds into your body.
The -2 hat of the Alchemist {rElec rPois rF+ rC+ rN+ MR+ rMut rCorr} melds into your body.
Your +0 pair of gloves melds into your body.
Your +0 pair of boots melds into your body.
The +1 robe "Mizal" {Dex+2} melds into your body.
Your ring of protection from magic melds into your body.
Your ring of protection from fire melds into your body.
You feel your glee subside. The blink frog hits you!
You die...

.........#..##.....#
.........##.##.....#
.........#...#.....##
............#.....F.#
........F.H###FFF...#
..........#.#!......#
###P..#.#.#.###.H.#.##
###........###.F...#
#.#.#.#F##..b###>###
#...(..F.##........#
#..#.#F#.##.........##
##......F............#
...#.#F#.#..........####
###........#............#
#.#.#.#.##...(.....#.F#
#....<...............#
#..#.#.#.#......ยง...##


You could see a hippogriff and 5 blink frogs.

Vanquished Creatures
  A hydra (D:9)
  A black mamba (Lair:1)
  The ghost of Brandom the Cleaver, a novice DDFi (D:4)
  A spiny frog (Lair:1)
  A queen bee (D:10)
  A troll (D:9)
  3 hippogriffs
  Sigmund (D:3)
  A wyvern (D:10)
  3 yaks (Lair:1)
  2 hungry ghosts
  Edmund (D:5)
  3 water moccasins
  4 porcupines
  4 sky beasts
  7 orc warriors
  2 phantoms
  Purgy (Sewer)
  A black bear (D:10)
  An ice beast (D:7)
  6 ogres
  3 crocodiles
  7 bullfrogs
  6 scorpions
  A water moccasin skeleton (D:5)
  17 killer bees
  6 wights
  3 howler monkeys
  6 crimson imps
  2 bullfrog zombies
  3 hounds
  14 orc wizards
  2 jellies
  An orc priest (D:6)
  A bullfrog skeleton (D:10)
  2 centaur skeletons (D:9)
  An iguana (D:6)
  Natasha (thrice) (D:3)
  14 worker ants
  A killer bee zombie (D:8)
  A hound zombie (D:10)
  A hound skeleton (D:4)
  Robin (D:2)
  3 gnolls (D:3)
  13 adders
  2 shadow imps
  An adder zombie (D:5)
  3 oozes (D:1)
  A worm (D:3)
  An adder skeleton (D:6)
  2 dart slugs (D:1)
  3 leopard geckos
  38 orcs
  9 bats
  22 giant cockroaches
  15 goblins
  7 hobgoblins
  19 jackals
  11 kobolds
  5 quokkas
  4 ball pythons
  4 frilled lizards
  A quokka skeleton (D:4)
  5 rats
311 creatures vanquished.

Notes
Turn   | Place    | Note
-------+----------+-------------------------------------------
     0 | D:1      | dohliylev the Vampire Enchanter began the quest for the Orb.
     0 | D:1      | Reached XP level 1. HP: 13/13 MP: 3/3
    34 | D:1      | Reached skill level 5 in Stealth
   309 | D:1      | Reached XP level 2. HP: 19/19 MP: 5/5
   313 | D:1      | Learned a level 2 spell: Ensorcelled Hibernation
   455 | D:1      | Reached skill level 6 in Stealth
   553 | D:1      | Reached XP level 3. HP: 25/25 MP: 1/6
  1016 | D:1      | Reached skill level 1 in Ice Magic
  1252 | D:2      | Reached skill level 7 in Stealth
  1252 | D:2      | Reached XP level 4. HP: 3/31 MP: 2/7
  1253 | D:2      | HP: 2/46 [poisoned by an adder]
  1260 | D:2      | HP: 2/46 [poisoned by an adder]
  1267 | D:2      | HP: 2/46 [poisoned by an adder]
  1404 | D:2      | Noticed Robin
  1534 | D:2      | Noticed Natasha
  1564 | D:3      | Killed Natasha
  1808 | D:3      | Noticed Sigmund
  1815 | D:3      | Noticed Natasha
  2167 | D:3      | Found a white marble altar of Elyvilon.
  2176 | D:3      | Reached skill level 8 in Stealth
  2292 | D:3      | Reached XP level 5. HP: 31/36 MP: 6/8
  2561 | D:3      | Killed Natasha
  2800 | D:3      | Noticed Natasha
  3019 | D:3      | Killed Sigmund
  3019 | D:3      | Reached XP level 6. HP: 42/42 MP: 6/9
  3057 | D:3      | Killed Natasha
  4216 | D:2      | Noticed a sky beast
  4238 | D:2      | Killed a sky beast
  4238 | D:2      | Reached XP level 7. HP: 46/47 MP: 0/10
  4258 | D:2      | Killed Robin
  4527 | D:4      | Learned a level 3 spell: Confuse
  4819 | D:4      | Found an iron altar of Okawaru.
  4859 | D:4      | Noticed Brandom's ghost (novice DDFi)
  4870 | D:4      | Killed Brandom's ghost
  4898 | D:4      | Reached XP level 8. HP: 35/53 MP: 4/11
  5750 | D:5      | Entered Level 5 of the Dungeon
  5781 | D:5      | Found a glowing drain.
  5814 | Sewer    | Entered a sewer
  5929 | Sewer    | Noticed Purgy
  5931 | Sewer    | Killed Purgy
  6077 | D:5      | Reached skill level 5 in Dodging
  6180 | D:5      | Noticed Edmund
  6182 | D:5      | Killed Edmund
  6303 | D:5      | Found Zagu's Food Emporium.
  7435 | D:6      | Reached XP level 9. HP: 21/58 MP: 1/12
  7703 | D:6      | Found a staircase to the Ecumenical Temple.
  7711 | Temple   | Entered the Ecumenical Temple
  7782 | Temple   | Became a worshipper of Makhleb the Destroyer
  8697 | D:7      | Reached skill level 10 in Dodging
  9061 | D:7      | Found a stormy altar of Qazlal.
  9151 | D:7      | Reached skill level 9 in Stealth
  9222 | D:8      | Got a fabulously ornate robe
  9233 | D:8      | Identified the +1 robe "Mizal" {Dex+2} (You found it on level 8 of the Dungeon)
  9447 | D:8      | Reached skill level 10 in Stealth
  9466 | D:8      | Reached * piety under Makhleb
  9493 | D:8      | Reached XP level 10. HP: 58/64 MP: 1/13
  9737 | D:8      | Reached skill level 11 in Stealth
 10382 | D:9      | Noticed a six-headed hydra
 10389 | D:9      | Killed a six-headed hydra
 10389 | D:9      | Reached skill level 13 in Stealth
 10614 | D:9      | Reached ** piety under Makhleb
 10761 | D:9      | Reached skill level 14 in Stealth
 11033 | D:9      | Found a glowing golden altar of the Shining One.
 11216 | D:10     | Entered Level 10 of the Dungeon
 11439 | D:10     | Found a staircase to the Lair.
 11477 | D:10     | Reached skill level 1 in Fighting
 11477 | D:10     | Reached skill level 15 in Stealth
 12374 | D:10     | Reached *** piety under Makhleb
 12386 | D:10     | Reached XP level 11. HP: 72/72 MP: 9/17
 12724 | Lair:1   | Entered Level 1 of the Lair of Beasts
 12870 | Lair:1   | Reached skill level 5 in Spellcasting
 12946 | Lair:1   | Reached skill level 1 in Invocations
 14127 | Lair:2   | Slain by a blink frog

Skill      XL: |  1  2  3  4  5  6  7  8  9 10 11 |
---------------+----------------------------------+-----
Stealth        | 5 6 7 8 10 15 | 15.0
Ice Magic      | 1 |  1.0
Short Blades   | 2 6 8 |  8.2
Hexes          | 7 8 |  8.6
Dodging        | 3 8 10 | 10.2
Fighting       | 2 4 |  4.5
Spellcasting   | 4 5 |  5.2
Invocations    | 1 |  1.5

Action                   |  1- 3 |  4- 6 |  7- 9 | 10-12 || total
-------------------------+-------+-------+-------+-------++-------
Melee: Dagger            |   109 |   206 |   201 |   304 ||   820
       Bite              |     7 |     8 |    22 |    30 ||    67
       Short sword       |       |       |    98 |     8 ||   106
 Cast: Ensorcelled Hiber |    16 |    65 |    75 |   132 ||   288
       Corona            |     5 |    10 |     4 |     5 ||    24
       Confuse           |       |       |    16 |     7 ||    23
Invok: Minor Destruction |       |       |       |     1 ||     1
 Abil: Bat Form          |       |     3 |     1 |     1 ||     5
       End Transformatio |       |     3 |     1 |       ||     4
  Use: Scroll            |     1 |     3 |     6 |     9 ||    19
       Potion            |     1 |     1 |     1 |     4 ||     7
 Stab: Sleeping          |    14 |    41 |    76 |    87 ||   218
       Confused          |       |       |    13 |     6 ||    19
  Eat: Corpse            |    10 |     8 |    14 |    14 ||    46
Armor: Robe              |    19 |    45 |     3 |    23 ||    90
       Skin              |     3 |       |       |       ||     3
       Animal skin       |       |       |    12 |       ||    12
Dodge: Dodged            |    67 |   183 |   123 |   241 ||   614
